 Dungeon Crawl Stone Soup version 0.28-a0-1555-g9ae15a6949 (webtiles) character file.

Game seed: 15627030896023787950

990 hashsling the Slasher (level 7, -2/63 HPs)
             Began as a Minotaur Gladiator on Jan 18, 2022.
             Was an Initiate of Okawaru.
             Slain by a torpor snail (16 damage)
             ... on level 5 of the Dungeon.
             The game lasted 00:10:47 (5669 turns).

hashsling the Slasher (Minotaur Gladiator)          Turns: 5669, Time: 00:10:47

Health: -2/63      AC:  6    Str: 27    XL:     7   Next: 98%
Magic:  6/6        EV: 13    Int:  5    God:    Okawaru [......]
Gold:   93         SH:  0    Dex: 11    Spells: 6/6 levels left

rFire   . . .      SeeInvis .   a - +0 long sword
rCold   + + .      Faith    .   (no shield)
rNeg    . . .      Spirit   .   i - +2 leather armour {rC+}
rPois   .          Reflect  .   c - +0 hat
rElec   .          Harm     .   m - +0 cloak
rCorr   .          Rampage  .   (no gloves)
Will    .....                   (no boots)
Stlth   +.........              (no amulet)
HPRegen 0.20/turn               u - ring of protection from cold
MPRegen 0.10/turn               d - +6 ring of strength

@: slowed, very slow
A: horns 2, retaliatory headbutt
a: Renounce Religion


You were on level 5 of the Dungeon.
You worshipped Okawaru.
Okawaru was noncommittal.
You visited 2 branches of the dungeon, and saw 6 of its levels.

You collected 93 gold pieces.

Inventory:

Hand Weapons
 a - a +0 long sword (weapon)
 p - a +1 dagger of protection
Missiles
 e - 99 bolts
 g - 116 stones
 v - 9 poisoned darts (quivered)
Armour
 c - a +0 hat (worn)
 i - a +2 leather armour of cold resistance (worn)
 m - a +0 cloak (worn)
Jewellery
 d - a +6 ring of strength (right hand)
 h - a ring of resist corrosion
 u - a ring of protection from cold (left hand)
Wands
 r - a wand of flame (20)
 w - a wand of polymorph (8)
Scrolls
 b - 2 scrolls of immolation {unknown}
 f - 5 scrolls of teleportation
 j - a scroll of blinking {unknown}
 k - a scroll of enchant weapon {unknown}
 n - 3 scrolls of identify
 t - a scroll of torment {unknown}
Potions
 l - a potion of mutation
 o - a potion of berserk rage {unknown}
 q - a potion of curing
 s - a potion of degeneration {unknown}
 x - a potion of heal wounds {unknown}


   Skills:
 + Level 6.0 Fighting
 + Level 6.5 Long Blades
 - Level 2.0 Throwing
 + Level 5.2 Armour
 + Level 6.0 Dodging


You had 6 spell levels left.
You didn't know any spells.
Your spell library was empty.

Dungeon Overview and Level Annotations

Branches:
Dungeon (5/15)             Temple (1/1) D:4

Altars:
Ashenzari
Cheibriados
Elyvilon
Fedhas
Gozag
Hepliaklqana
Makhleb
Nemelex Xobeh
Okawaru
Qazlal
Ru
Sif Muna
Wu Jian
Yredelemnul
Zin


Innate Abilities, Weirdness & Mutations

You have a pair of horns on your head.
You reflexively headbutt those who attack you in melee.


Message History

You feel better.
Things that are here:
an adder corpse; a howler monkey corpse
Aiming: Polymorph
Press: ? - help, Shift-Dir - straight line, f - two-headed ogre
Aim: a two-headed ogre, wielding a +0 giant club and a +0 dire flail (will become a steelbarb worm, a shining eye, or a torpor snail, chance to affect: 31%)
The two-headed ogre easily resists.
The two-headed ogre hits you with a +0 giant club!
The two-headed ogre hits you with a +0 dire flail!
Aiming: Polymorph
Press: ? - help, Shift-Dir - straight line, f/p - two-headed ogre
Aim: a two-headed ogre, wielding a +0 giant club and a +0 dire flail (will become a steelbarb worm, a shining eye, or a torpor snail, chance to affect: 31%)
The two-headed ogre easily resists.
Aiming: Polymorph
Press: ? - help, Shift-Dir - straight line, f/p - two-headed ogre
Aim: a two-headed ogre, wielding a +0 giant club and a +0 dire flail (will become a steelbarb worm, a shining eye, or a torpor snail, chance to affect: 31%)
The two-headed ogre evaporates and reforms as a torpor snail!
You hit the torpor snail but do no damage.
You headbutt the torpor snail!
The torpor snail is lightly wounded.
The torpor snail bites you.
Being near the torpor snail leaves you feeling lethargic.
You completely miss the torpor snail.
The torpor snail is lightly wounded.
The torpor snail closely misses you.
You hit the torpor snail but do no damage.
The torpor snail is lightly wounded.
The torpor snail barely misses you.
You slash the torpor snail!
You headbutt the torpor snail, but do no damage.
The torpor snail is moderately wounded.
The torpor snail bites you but does no damage.
You slash the torpor snail!
The torpor snail is moderately wounded.
The torpor snail bites you!
* * * LOW HITPOINT WARNING * * *
You barely miss the torpor snail.
The torpor snail is moderately wounded.
The torpor snail bites you!
You die...

#...<..........)#
#.............#####.#
#.##########.## ##.## #.#
#.# ##...# #.# #.# ##.....
#.# #.###...... ### #.#
#.##.......
.....##.##########.###......
#....†.w@.......# ##.....
#..########...### ##.... #.
##..# ##.#. .. #..# #.#. ##
#..# #.#. #..########.#.
#...........#.
#..##########. #8....# #.


You could see a torpor snail.

Vanquished Creatures
  Grinder (D:3)
  Duvessa (D:4)
  An ogre (D:5)
  A scorpion (D:4)
  Dowan (D:4)
  A howler monkey (D:5)
  2 electric eels (D:3)
  An orc priest (D:3)
  A jelly (D:3)
  Crazy Yiuf (D:2)
  Jessica (D:3)
  Terence (D:2)
  An orc wizard (D:3)
  Natasha (thrice) (D:4)
  4 gnolls (D:3)
  4 adders
  A shadow imp (D:4)
  An ufetubus (D:4)
  A worm (D:4)
  3 dart slugs
  4 orcs
  4 ball pythons
  8 endoplasms
  A giant cockroach (D:3)
  6 goblins
  8 hobgoblins
  3 kobolds
  2 quokkas
  A bat (D:1)
  5 frilled lizards
  3 rats
76 creatures vanquished.

Vanquished Creatures (others)
  5 fungi (D:2)
  A plant (D:3)
6 creatures vanquished.

Grand Total: 82 creatures vanquished

Notes
Turn   | Place    | Note
-------+----------+-------------------------------------------
     0 | D:1      | hashsling the Minotaur Gladiator began the quest for the
                  | Orb.
     0 | D:1      | Reached XP level 1. HP: 18/18 MP: 0/0
   321 | D:1      | Reached XP level 2. HP: 18/25 MP: 1/1
   471 | D:1      | Reached skill level 1 in Armour
   842 | D:1      | Found a faded altar of an unknown god.
  1148 | D:2      | Noticed Terence
  1156 | D:2      | Killed Terence
  1157 | D:2      | Reached XP level 3. HP: 31/31 MP: 2/2
  1482 | D:2      | Found a runed translucent door.
  1483 | D:2      | Noticed Crazy Yiuf
  1893 | D:2      | Killed Crazy Yiuf
  1894 | D:2      | Reached XP level 4. HP: 38/38 MP: 3/3
  2310 | D:3      | Reached XP level 5. HP: 45/46 MP: 4/4
  2325 | D:3      | Noticed Grinder
  2325 | D:3      | Paralysed by Grinder for 6 turns
  2335 | D:3      | Paralysed by Grinder for 3 turns
  2340 | D:3      | Killed Grinder
  2341 | D:3      | Reached skill level 5 in Long Blades
  2341 | D:3      | Reached XP level 6. HP: 43/53 MP: 5/5
  2568 | D:3      | Reached skill level 5 in Dodging
  2780 | D:3      | Noticed Jessica
  2785 | D:3      | Killed Jessica
  2867 | D:3      | Found a transporter.
  3685 | D:3      | Reached skill level 5 in Fighting
  3685 | D:3      | Reached XP level 7. HP: 53/61 MP: 6/6
  3687 | D:3      | Found a transporter.
  4018 | D:4      | Noticed Natasha
  4028 | D:4      | Killed Natasha
  4131 | D:4      | Noticed Natasha
  4137 | D:4      | Killed Natasha
  4339 | D:4      | Noticed Natasha
  4349 | D:4      | Killed Natasha
  4455 | D:4      | Noticed Dowan
  4457 | D:4      | Noticed Duvessa
  4478 | D:4      | Killed Duvessa
  4489 | D:4      | Killed Dowan
  4886 | D:4      | Found a staircase to the Ecumenical Temple.
  4903 | Temple   | Entered the Ecumenical Temple
  5111 | Temple   | Became a worshipper of Warmaster Okawaru
  5487 | D:5      | Entered Level 5 of the Dungeon
  5509 | D:5      | Reached skill level 5 in Armour
  5652 | D:5      | Noticed a two-headed ogre
  5663 | D:5      | Noticed a torpor snail
  5663 | D:5      | a two-headed ogre changed into a torpor snail
  5669 | D:5      | Slain by a torpor snail

Illustrated notes

Levels and vault maps discovered:
D:1:      dpeg_arrival_boxes_within_box, layout_basic,
          shapermc_ecumenical_altar_mp_vishouse, chequers_serial_rivers_room_a
D:2:      layout_loops_ring, uniq_crazy_yiuf_cottage, uniq_terence
D:3:      gammafunk_steamed_eel, layout_loops_corners, uniq_grinder,
          uniq_jessica
D:4:      layout_cave_pools, minmay_temple_entry_junction,
          serial_co_window_serial, co_window_cross_1, co_window_paths_a,
          co_window_corner_a, co_window_paths_b, co_window_corner_a,
          co_window_of_opportunity_a, co_window_corner_a, co_window_2corner,
          co_window_broadway_b, co_window_unsneaky_path_b,
          co_window_unsneaky_path_e, co_window_corner_b, co_window_corner_ca,
          glass_columns_a, glass_columns_a, glass_columns_b, glass_columns_a,
          uniq_duvessa, uniq_natasha
D:5:      layout_loops_ring, jmf_multi_god_temple2, feat_on_display
Temple:   regret_index_temple_generic_petals

Skill      XL: |  1  2  3  4  5  6  7 |
---------------+----------------------+-----
Armour         | 1 2 3 4 5 |  5.2
Long Blades    | 4 5 6 |  6.5
Fighting       | 3 4 5 6 |  6.0
Dodging        | 4 5 6 |  6.0
Throwing       | |  2.0

Action                   |  1- 3 |  4- 6 |  7- 9 || total
-------------------------+-------+-------+-------++-------
Melee: Long sword        |    44 |    65 |    78 ||   187
       Headbutt          |    15 |     9 |    13 ||    37
       Punch             |     2 |       |       ||     2
Throw: Throwing net      |     4 |     1 |       ||     5
       Dart              |       |     2 |    13 ||    15
Evoke: Wand              |       |     3 |     7 ||    10
  Use: Scroll            |       |       |     2 ||     2
       Potion            |       |       |     1 ||     1
 Stab: Held in net/web   |       |     1 |       ||     1
Armor: Leather armour    |     6 |    20 |    26 ||    52
Dodge: Dodged            |    13 |    34 |    53 ||   100

Table legend: (Time is in decaauts)
 A = Elapsed time spent in this place.
 B = Non-inter-level travel time spent in this place.
 C = Inter-level travel time spent in this place.
 D = Time resting spent in this place.
 E = Time spent auto-exploring this place.
 F = Levels seen in this place.
 G = Mean time per level.
                   A        B        C        D        E       F      G
               +--------+--------+--------+--------+--------+-----+--------+
         Total |   5684 |   5482 |    202 |   1034 |   3710 |   6 |  947.3 |
       Dungeon |   5452 |   5273 |    179 |   1034 |   3538 |   5 | 1090.4 |
        Temple |    231 |    208 |     23 |      0 |    172 |   1 |  231.0 |
               +--------+--------+--------+--------+--------+-----+--------+

Top non-repeatable levels by time:
     D:3: 1987 daAuts
     D:4: 1325 daAuts
     D:1: 1055 daAuts
     D:2: 898 daAuts
  Temple: 231 daAuts
     D:5: 185 daAuts
